 Dungeon Crawl Stone Soup version 0.32-a0-938-g40ac7a0f4d (webtiles) character file.

Game seed: 414614257183849860

25 dialectric the Shield-Bearer (level 2, -8/27 HPs)
             Began as a Minotaur Fighter on Apr 16, 2024.
             Killed by nerve-wracking pain
             ... invoked by Jessica
              (13 damage)
             ... on level 2 of the Dungeon.
             The game lasted 00:00:36 (412 turns).

dialectric the Shield-Bearer (Minotaur Fighter)      Turns: 412, Time: 00:00:36

Health: -8/27      AC:  8    Str: 20    XL:     2   Next: 82%
Magic:  1/1        EV:  8    Int:  5    God:
Gold:   17         SH:  0    Dex:  9    Spells: 1/1 levels left

rFire   . . .        a - +0 flail
rCold   . . .        (no shield)
rNeg    . . .        b - +0 scale mail
rPois   .            (helmet restricted)
rElec   .            (no cloak)
rCorr   .            g - +0 pair of gloves
SInv    .            (no boots)
Will    .....        (no amulet) Stlth
                     (no ring)
HPRegen 0.24/turn    (no ring)
MPRegen 0.07/turn

%: no passive effects
@: no status effects
A: horns 2, retaliatory headbutt
a: no special abilities


You were on level 2 of the Dungeon.
You visited 1 branch of the dungeon, and saw 2 of its levels.

You collected 17 gold pieces.

Inventory:

Hand Weapons
 a - a +0 flail (weapon)
Missiles
 h - 4 javelins (quivered)
Armour
 b - a +0 scale mail (worn)
 c - a +0 buckler
 g - a +0 pair of gloves (worn)
Scrolls
 f - a scroll of identify {unknown}
Potions
 d - a potion of might


   Skills:
 + Level 4.0 Fighting
 + Level 2.9 Maces & Flails
 + Level 4.0 Armour
 + Level 4.0 Shields


You had one spell level left.
You didn't know any spells.
Your spell library was empty.

Dungeon Overview and Level Annotations

Branches:
Dungeon (2/15)

Altars:

Annotations:
D:2 Jessica


Innate Abilities, Weirdness & Mutations

You have a pair of horns on your head.
You reflexively headbutt those who attack you in melee.


Message History

Jessica hits you with a +1 dagger of venom.
You hit Jessica but do no damage.
Jessica is severely wounded.
Jessica hits you but does no damage.
You are poisoned.
Jessica completely misses you.
Jessica is nearby!
You closely miss Jessica. Your headbutt misses Jessica.
Jessica is severely wounded.
You feel very sick.
Jessica points at you and mumbles some strange words.
Pain shoots through your body!
Jessica is nearby!
You are too injured to fight recklessly!
You are too injured to fight recklessly!
You are too injured to fight recklessly!
You are too injured to fight recklessly!
Unknown command.
You closely miss Jessica.
Jessica is severely wounded.
You feel sick. Jessica barely misses you.
You barely miss Jessica.
Jessica is severely wounded.
You feel sick.
Jessica points at you and mumbles some strange words.
You resist with some effort.
You completely miss Jessica. You headbutt Jessica, but do no damage.
Jessica is severely wounded.
You feel sick.
Jessica casts a spell.
Jessica blinks!
You feel sick.
Jessica points at you and mumbles some strange words.
Pain shoots through your body!
* * * LOW HITPOINT WARNING * * *
You feel sick.
You are no longer poisoned.
Jessica points at you and mumbles some strange words.
Pain shoots through your body!
You die...

###.##.##......#
#.##.#.###.###
.....#.# .#
##.##.#.###.#
#.##.##....###.
#.##...........
#.##......#.###
#..@.....## ..
#......@.# #
.....#.#.#
....... ..#
....... ###
....##. .... #.
### #. ..


You could see Jessica.

Vanquished Creatures
  A gnoll (D:1)
  A ribbon worm (D:2)
  A bat (D:1)
  An endoplasm (D:1)
  A giant cockroach (D:1)
  2 hobgoblins
  A quokka (D:1)
  2 ball pythons (D:1)
  A goblin (D:1)
  A kobold (D:2)
  A rat (D:2)
13 creatures vanquished.

Notes
Turn   | Place    | Note
-------+----------+-------------------------------------------
     0 | D:1      | dialectric the Minotaur Fighter began the quest for the
                  | Orb.
     0 | D:1      | Reached XP level 1. HP: 19/19 MP: 0/0
   297 | D:1      | Reached XP level 2. HP: 3/27 MP: 1/1
   402 | D:2      | Noticed Jessica
   412 | D:2      | Killed from afar by Jessica

Illustrated notes

Levels and vault maps discovered:
D:1:      mrwooster_arrival_statue, layout_basic, minmay_pentomino_o4
D:2:      minmay_razor_zed, layout_loops_ring, basic_altar, serial_shops,
          nicolae_diamond_shop, nicolae_shop_bloodbath_and_beyond,
          nicolae_shop_behind_doors, uniq_jessica

Skill      XL: |  1  2 |
---------------+-------+-----
Shields        | 4 |  4.0
Fighting       | 4 |  4.0
Armour         | 4 |  4.0
Maces & Flails | |  2.9

Action                     || total
---------------------------++-------
  Melee: Flail             ||    32
         Headbutt          ||     2
    Use: Potion            ||     1
 Armour: Scale mail        ||    43
  Dodge: Dodged            ||    32
  Block: Buckler           ||     1

Table legend: (Time is in decaauts)
 A = Elapsed time spent in this place.
 B = Non-inter-level travel time spent in this place.
 C = Inter-level travel time spent in this place.
 D = Time resting spent in this place.
 E = Time spent auto-exploring this place.
 F = Levels seen in this place.
 G = Mean time per level.
                   A        B        C        D        E       F      G
               +--------+--------+--------+--------+--------+-----+--------+
         Total |    420 |    393 |     27 |     15 |    260 |   2 |  210.0 |
       Dungeon |    420 |    393 |     27 |     15 |    260 |   2 |  210.0 |
               +--------+--------+--------+--------+--------+-----+--------+

Top non-repeatable levels by time:
     D:1: 315 daAuts
     D:2: 104 daAuts
